 Dungeon Crawl Stone Soup version 0.28-a0-793-g31680bbd8b (webtiles) character file.

Game seed: 13797905668470873350

41 ytrimaz the Skirmisher (level 3, 29/29 HPs)
             Began as a Demonspawn Fighter on Nov 3, 2021.
             Quit the game on level 2 of the Dungeon.
             The game lasted 00:01:39 (962 turns).

ytrimaz the Skirmisher (Demonspawn Fighter)          Turns: 962, Time: 00:01:40

Health: 29/29      AC:  7    Str: 17    XL:     3   Next: 32%
Magic:  3/3        EV:  9    Int:  9    God:
Gold:   23         SH:  5    Dex: 14    Spells: 2/2 levels left

rFire   . . .      SeeInvis .   j - +0 dagger
rCold   . . .      Faith    .   c - +0 buckler
rNeg    . . .      Spirit   .   b - +0 scale mail
rPois   .          Reflect  .   g - +0 helmet
rElec   .          Harm     .   (no cloak)
rCorr   .          Rampage  .   (no gloves)
Will    .....                   (no boots)
Stlth   +.........              (no amulet)
HPRegen 0.09/turn               (no ring)
MPRegen 0.08/turn               (no ring)

@: no status effects
A: thin skeletal structure 1, ignite blood 1
a: no special abilities


You were on level 2 of the Dungeon.
You visited 1 branch of the dungeon, and saw 2 of its levels.

You collected 23 gold pieces.

Inventory:

Hand Weapons
 a - a +0 war axe
 j - a +0 dagger (weapon)
Armour
 b - a +0 scale mail (worn)
 c - a +0 buckler (worn)
 g - a +0 helmet (worn)
Scrolls
 f - a scroll of magic mapping {unknown}
 h - a scroll of brand weapon {unknown}
Potions
 d - a potion of might
 e - a potion of curing {unknown}
 i - a potion of flight {unknown}


   Skills:
 + Level 3.4 Fighting
 - Level 2.0 Axes
 - Level 2.8 Armour
 * Level 1.0 Dodging
 * Level 0.9 Stealth
 + Level 3.0 Shields


You had 2 spell levels left.
You didn't know any spells.
Your spell library was empty.

Dungeon Overview and Level Annotations

Branches:
Dungeon (2/15)

Altars:


Innate Abilities, Weirdness & Mutations

You have a somewhat thin skeletal structure. (Dex +2, Stealth+)
Your demonic aura sometimes causes spilled blood to erupt in flames.


Message History

The kobold hits you but does no damage. x2; You block the kobold's attack.
You barely miss the kobold.
The kobold is moderately wounded.
You hit the kobold but do no damage.
The kobold hits you but does no damage. x2
You slash the kobold!
You kill the kobold!
You closely miss the kobold. The kobold barely misses you. x2
Your Shields skill increases to level 3!
You hit the kobold.
The kobold is moderately wounded.
You block the kobold's attack.
You closely miss the kobold.
The kobold is moderately wounded.
You block the kobold's attack.
You hit the kobold but do no damage.
The kobold is moderately wounded.
The kobold hits you with a +0 dagger. You block the kobold's attack.
You slash the kobold!
You kill the kobold!
No target in view!
Things that are here:
a +0 dagger; a kobold corpse
j - a +0 dagger
j - a +0 dagger (weapon)
Things that are here:
a +0 short sword; a kobold corpse You see here a kobold corpse.
Done exploring.
Done exploring.
No target in view!
No target in view!
No target in view!
No target in view!
Done exploring.
Done exploring.
There is a stone staircase leading down here.
You climb downwards.
There is a stone staircase leading up here.
Sorry, you're not good enough to have a special ability.
Are you sure you want to abandon this character and quit the game? (Confirm with "yes".)

### ..# # ###
#.# ##...
#...#.#......
#....@.......
###.#........
# #........
#........
#........
########.


There were no monsters in sight!

Vanquished Creatures
  A gnoll (D:1)
  3 dart slugs (D:1)
  4 ball pythons (D:1)
  4 bats (D:1)
  An endoplasm (D:1)
  3 hobgoblins (D:1)
  3 kobolds (D:1)
  A quokka (D:1)
  4 frilled lizards (D:1)
24 creatures vanquished.

Notes
Turn   | Place    | Note
-------+----------+-------------------------------------------
     0 | D:1      | ytrimaz the Demonspawn Fighter began the quest for the Orb.
     0 | D:1      | Reached XP level 1. HP: 18/18 MP: 1/1
   195 | D:1      | Gained mutation: You have a somewhat thin skeletal
                  | structure. (Dex +2, Stealth+) [demonic ancestry]
   195 | D:1      | Reached XP level 2. HP: 16/24 MP: 2/2
   533 | D:1      | Gained mutation: Your demonic aura sometimes causes spilled
                  | blood to erupt in flames. [demonic ancestry]
   533 | D:1      | Reached XP level 3. HP: 29/29 MP: 3/3
   711 | D:1      | Reached skill level 1 in Dodging
   962 | D:2      | Quit the game

Illustrated notes

Levels and vault maps discovered:
D:1:      dpeg_arrival_central, layout_basic
D:2:      layout_basic, dreamdust_ecumenical_altar_statues,
          lemuel_another_geyser

Skill      XL: |  1  2  3 |
---------------+----------+-----
Axes           | 2 |  2.0
Dodging        | 1 |  1.0
Shields        | 3 |  3.0
Fighting       | |  3.4
Armour         | |  2.8
Stealth        | |  0.9

Action                   || total
-------------------------++-------
Melee: War axe           ||    72
 Stab: Sleeping          ||     2
Armor: Scale mail        ||    38
Dodge: Dodged            ||    28
Block: Buckler           ||    17

Table legend: (Time is in decaauts)
 A = Elapsed time spent in this place.
 B = Non-inter-level travel time spent in this place.
 C = Inter-level travel time spent in this place.
 D = Time resting spent in this place.
 E = Time spent auto-exploring this place.
 F = Levels seen in this place.
 G = Mean time per level.
                   A        B        C        D        E       F      G
               +--------+--------+--------+--------+--------+-----+--------+
         Total |    992 |    986 |      6 |      0 |    790 |   2 |  496.0 |
       Dungeon |    992 |    986 |      6 |      0 |    790 |   2 |  496.0 |
               +--------+--------+--------+--------+--------+-----+--------+

Top non-repeatable levels by time:
     D:1: 991 daAuts
     D:2: 0 daAuts
